Map: Lerilak Crest

Players

Mandus - Winner!

  • Race: Terran Terran

LilDicky

  • Race: Terran Terran
  • League: Diamond

VOD

http://www.twitch.tv/tumescentpie

Description

Time

  • Played on: Dec. 4, 2015, 12:24 p.m.
  • Length: 6:08
Show
View Real Time Build Order
Export as new Build Order

Mandus Terran - Winner!

Build Orders: 1/1/1, Banshee Rush 

Get SALT Encoding   

  12  0:01  SCV  
  13  0:13  SCV  
  14  0:17  Supply Depot  
  14  0:25  SCV  
  15  0:30  Refinery  
  15  0:39  SCV  
  16  0:45  Barracks  
  16  0:51  SCV  
  17  1:03  SCV  
  18  1:09  Refinery  
  18  1:15  SCV  
  19  1:33  Orbital Command  
  19  1:34  Reaper  
  20  1:42  Factory  
  20  1:56  Supply Depot  
  20  2:13  Barracks Tech Lab  
  20  2:14  SCV  
  20  2:26  SCV  
  20  2:29  Starport  
  21  2:35  Hellion  
  23  2:39  SCV  
  24  2:49  Supply Depot  
  24  2:51  SCV  
  25  3:03  SCV  
  26  3:16  SCV, Cloaking Field, Banshee  
  30  3:28  SCV  
  31  3:39  Command Center  
  31  3:40  SCV  
  32  3:52  SCV  
  33  3:59  Raven  
  35  4:05  SCV  
  36  4:11  Supply Depot  
  36  4:14  Barracks Tech Lab  
  36  4:17  SCV  
  36  4:21  Barracks  
  36  4:22  Barracks  
  37  4:29  SCV  
  38  4:41  SCV  
  38  4:42  Viking  
  41  4:53  SCV  
  41  4:54  Orbital Command  
  41  4:56  Marine  
  43  5:05  SCV  
  44  5:17  Orbital Command  
  44  5:18  SCV, Barracks Reactor  
  42  5:23  Command Center  
  42  5:31  SCV  
  43  5:43  SCV  
  43  5:44  Barracks Tech Lab  
  43  5:48  Factory Tech Lab, Barracks  
  44  5:50  Barracks  
  44  5:51  Factory Reactor  
  44  5:53  SCV  
Show
View Real Time Build Order
Export as new Build Order

LilDicky Terran 

Build Orders: Banshee Rush 

Get SALT Encoding   

  12  0:03  SCV  
  13  0:15  SCV  
  13  0:18  Supply Depot  
  14  0:27  SCV  
  15  0:40  SCV  
  16  0:42  Barracks  
  16  0:47  Refinery  
  16  0:52  SCV  
  17  1:04  SCV  
  18  1:16  SCV  
  20  1:33  Supply Depot, Reaper  
  20  1:36  Orbital Command  
  20  2:02  Command Center, SCV  
  21  2:10  Factory  
  21  2:13  Marine  
  22  2:22  Refinery  
  22  2:38  Marine  
  22  2:41  SCV  
  24  2:50  Supply Depot  
  24  2:53  Factory Tech Lab  
  24  2:56  Starport  
  24  3:06  SCV  
  24  3:07  Marine  
  25  3:41  Orbital Command  
  25  3:49  Marine  
  25  3:50  Widow Mine  
  25  3:52  Banshee, Cloaking Field  
  31  3:58  Engineering Bay  
  30  4:07  Marine  
  31  4:17  SCV  
  31  4:19  Widow Mine  
  31  4:22  SCV  
  35  4:25  Marine  
  36  4:35  SCV  
  36  4:36  Missile Turret  
  36  4:38  Missile Turret  
  37  4:41  Banshee  
  37  4:43  SCV, Marine  
  42  4:47  SCV  
  42  4:48  Factory Tech Lab  
  35  5:09  Marine  
  34  5:17  SCV x2  
  36  5:23  Siege Tank  
  36  5:27  Marine  
  40  5:31  SCV x2  
  39  5:45  Marine  
  39  5:48  SCV  
  43  5:55  SCV  
  44  6:02  Factory  
Tags
 
Add a new tag
Caveats
  • Supply blocks, unpowered buildings, or Contaminate may cause inaccurate times.
  • Supply counts are checked every 10 seconds.